[Event "*** Titled Tuesday Blitz"]
[Site "Chess.com"]
[Date "2020.12.29"]
[Round "6"]
[White "Abdoabedov"]
[Black "Zemerovv"]
[Result "0-1"]
[WhiteElo "1992"]
[BlackElo "2176"]
[TimeControl "180+1"]
[EndTime "11:05:01 PST"]
[Termination "Zemerovv won by checkmate"]

1. b3 g6 2. Bb2 Nf6 3. Bxf6 exf6 4. c4 Bg7 5. Nc3 f5 6. Rc1 O-O 7. g3 d6 8. Bg2 c6 9. e3 Na6 10. Nge2 Nb4 11. d4 c5 12. O-O cxd4 13. Nxd4 Bd7 14.
a3 Nc6 15. Ndb5 f4 16. exf4 g5 17. fxg5 Qxg5 18. Qxd6 Rad8 19. Qd5 Bf5 20. Qf3 a6 21. Nc7 Nd4 22. Qxb7 Rb8 23. Qxa6 Rxb3 24. Rfe1 Nc2 25. Red1 Rxc3 26. Nd5 Bg6 27. a4 Qe5 28. Nxc3 Qxc3 29.
a5 Bh6 30. Rb1 Nb4 31. Qb5 Bxb1 32. Rxb1 Nd3 33. a6 Nxf2 34. Kxf2 Be3+ 35. Kf1 Qd3+ 36. Ke1 Qd2+ 37. Kf1 Qf2# 0-1

[Event "*** Titled Tuesday Blitz"]
[Site "Chess.com"]
[Date "2020.12.29"]
[Round "6"]
[White "Koalaskakistis"]
[Black "esteban062000"]
[Result "1-0"]
[WhiteElo "2367"]
[BlackElo "2191"]
[TimeControl "180+1"]
[EndTime "11:05:03 PST"]
[Termination "Koalaskakistis won by resignation"]

1. e4 c5 2. Nf3 g6 3. h4 Nc6 4. h5 Bg7 5. Nc3 d6 6. Bc4 Be6 7. Bxe6 fxe6 8. hxg6 hxg6 9. Rxh8 Bxh8 10. Ng5 Nd4 11. Ne2 Qd7 12. Nxd4 Bxd4 13. Qg4 Nf6 14.
Qxe6 O-O-O 15. d3 Rh8 16. Qxd7+ Kxd7 17. Nh3 Ng4 18. c3 Bf6 19. Ke2 c4 20. dxc4 Ne5 21.
b3 Nf7 22. Bd2 g5 23. f3 g4 24. fxg4 Rh4 25. Nf2 Rh2 26. Rh1 Rxg2 27. Kf3 Rxf2+ 28.
Kxf2 Bg5 29. Bxg5 Nxg5 30. Ke3 Ke6 31. Kf4 Nf7 32. g5 Ne5 33. Rh6+ Kf7 34. Kf5 Nf3 35.
Rh7+ Kf8 36. g6 Ne5 37. c5 Nd7 38. cxd6 exd6 39. Rxd7 1-0

[Event "*** Titled Tuesday Blitz"]
[Site "Chess.com"]
[Date "2020.12.29"]
[Round "6"]
[White "szabadaba"]
[Black "mbachez"]
[Result "0-1"]
[WhiteElo "2587"]
[BlackElo "2554"]
[TimeControl "180+1"]
[EndTime "11:05:05 PST"]
[Termination "mbachez won by checkmate"]

1. e4 e6 2. d4 d5 3. Nc3 Bb4 4. e5 c5 5. a3 Bxc3+ 6. bxc3 Ne7 7. h4 Qc7 8. Bd2 b6 9. h5 h6 10. Qg4 Nf5 11. Bd3 Rg8 12. Ne2 Nc6 13. Ng3 cxd4 14.
f4 dxc3 15. Bxc3 Nce7 16. Bb4 a5 17. Bd2 Ba6 18. Nxf5 exf5 19. Qf3 Bxd3 20. cxd3 Rc8 21. O-O Kd7 22. Rab1 d4 23. Rfc1 Qa7 24. Qf2 Rxc1+ 25. Rxc1 b5 26. Bxa5 Rc8 27. Rxc8 Kxc8 28. Bb4 Nd5 29.
Bf8 Ne3 30. Qf3 Kd7 31. Bxg7 b4 32. axb4 Qa1+ 33. Kh2 Ng4+ 34. Kg3 Qe1+ 35. Kh3 Qh1+ 36. Kg3 Qh2# 0-1

[Event "*** Titled Tuesday Blitz"]
[Site "Chess.com"]
[Date "2020.12.29"]
[Round "6"]
[White "chessdjw"]
[Black "stasiek18"]
[Result "1-0"]
[WhiteElo "2614"]
[BlackElo "2381"]
[TimeControl "180+1"]
[EndTime "11:05:06 PST"]
[Termination "chessdjw won by resignation"]

1. d4 Nf6 2. Nf3 g6 3. c4 Bg7 4. Nc3 d5 5. cxd5 Nxd5 6. e4 Nxc3 7. bxc3 c5 8. Rb1 O-O 9. Be2 cxd4 10. cxd4 Qa5+ 11. Qd2 Qxd2+ 12. Bxd2 b6 13. O-O Bb7 14. d5 Nd7 15. Bb4 Rac8 16. Bxe7 Rfe8 17. d6 Bxe4 18. Bb5 Bxb1 19. Bxd7 Bf5 20. Bxf5 Rxe7 21. Bxc8 Re2 22. g3 Rxa2 23. d7 Bf6 24. Re1 a5 25. d8=Q+ Bxd8 26. Re8+ Kg7 27. Rxd8 a4 28. Rd7 Rc2 29. Bb7 a3 30.
Bd5 a2 31. Rxf7+ Kh6 32. Bxa2 Rxa2 33. h4 1-0

[Event "*** Titled Tuesday Blitz"]
[Site "Chess.com"]
[Date "2020.12.29"]
[Round "6"]
[White "Msb2"]
[Black "AryanTari"]
[Result "0-1"]
[WhiteElo "2788"]
[BlackElo "2896"]
[TimeControl "180+1"]
[EndTime "11:05:07 PST"]
[Termination "AryanTari won by checkmate"]

1. d4 Nf6 2. Nc3 d5 3. Bf4 Bf5 4. e3 e6 5. Nf3 Bb4 6. Bd3 O-O 7.
O-O Nbd7 8. Ne2 c6 9. c4 Be7 10.
Nc3 dxc4 11. Bxc4 c5 12. a3 a6 13. Ba2 Qb6 14. Qe2 cxd4 15. Nxd4 Bg6 16. Bg3 Rac8 17. Rfd1 Rfd8 18. Rac1 Nc5 19. Bh4 Nd3 20. Rxd3 Bxd3 21. Qxd3 e5 22. Bb1 g6 23. Nf5 Rxd3 24. Nxe7+ Kf8 25.
Bxd3 Qxb2 26. Rd1 Rxc3 27. Bxf6 Rxd3 28. Rxd3 Qb1+ 29. Rd1 Qxd1# 0-1

[Event "*** Titled Tuesday Blitz"]
[Site "Chess.com"]
[Date "2020.12.29"]
[Round "6"]
[White "azikom"]
[Black "PowerThinking2650"]
[Result "1-0"]
[WhiteElo "2615"]
[BlackElo "2423"]
[TimeControl "180+1"]
[EndTime "11:05:07 PST"]
[Termination "azikom won on time"]

1. d4 Nf6 2. Nf3 g6 3. c4 Bg7 4. Nc3 O-O 5. Bg5 d6 6. e3 c5 7.
Bh4 cxd4 8. exd4 Nc6 9. Be2 Qb6 10. Qd2 e5 11. Bxf6 Bxf6 12. Nd5 Qd8 13. dxe5 dxe5 14. Rd1 Bg7 15. O-O e4 16. Ne1 f5 17. b4 Qh4 18.
g3 Qd8 19. Nc2 Be6 20. b5 Ne5 21. Qb4 Rf7 22. Nf4 Qf6 23. Ne3 Bd7 24. Qd6 Qxd6 25.
Rxd6 Bf8 26. Rd5 Re8 27. Rfd1 Bc8 28. h4 b6 29. Rd8 Rxd8 30. Rxd8 Bb7 31. Ne6 h6 32.
Rb8 1-0

[Event "*** Titled Tuesday Blitz"]
[Site "Chess.com"]
[Date "2020.12.29"]
[Round "6"]
[White "ambaixador"]
[Black "ChampStan"]
[Result "1-0"]
[WhiteElo "2422"]
[BlackElo "2183"]
[TimeControl "180+1"]
[EndTime "11:05:07 PST"]
[Termination "ambaixador won by checkmate"]

1. e4 e5 2. Nf3 Nc6 3. Bb5 Nf6 4. O-O Nxe4 5. d4 Nd6 6. dxe5 Nxb5 7. a4 Nbd4 8. Nxd4 Nxd4 9. Qxd4 d6 10. Rd1 Be6 11. Nc3 Qd7 12. Bf4 g5 13. Bxg5 Bg7 14.
Bf6 Bxf6 15. exf6 Qc6 16. Ne4 Rg8 17. c3 a6 18. b4 O-O-O 19. b5 axb5 20. axb5 Qxb5 21.
Ra8+ Kd7 22. Nxd6 Qe2 23. Ne4+ Kc6 24. Qc5# 1-0

[Event "*** Titled Tuesday Blitz"]
[Site "Chess.com"]
[Date "2020.12.29"]
[Round "6"]
[White "esapunov"]
[Black "FontVella8"]
[Result "0-1"]
[WhiteElo "2695"]
[BlackElo "2533"]
[TimeControl "180+1"]
[EndTime "11:05:12 PST"]
[Termination "FontVella8 won by resignation"]

1. c4 Nf6 2. Nf3 c6 3. b3 d5 4. Bb2 e6 5. g3 Nbd7 6. Bg2 Bd6 7.
Nc3 O-O 8. O-O b6 9. Rc1 Bb7 10.
cxd5 exd5 11. d3 Rc8 12. e3 c5 13. Nb1 Qe7 14. Nbd2 Rfd8 15. Qc2 b5 16. Rfe1 Ne5 17. Qb1 a6 18. Nxe5 Bxe5 19. Bxe5 Qxe5 20. d4 Qe7 21. dxc5 Rxc5 22. Rxc5 Qxc5 23. Rc1 Qb4 24. Nf3 Ne4 25. Qb2 Rc8 26. Rxc8+ Bxc8 27. Qe5 Be6 28.
Qb8+ Qf8 29. Qa7 Qc8 30. Bf1 h6 31. Bd3 Bh3 0-1

[Event "*** Titled Tuesday Blitz"]
[Site "Chess.com"]
[Date "2020.12.29"]
[Round "6"]
[White "Ze-Pequeno"]
[Black "Fh2411"]
[Result "1/2-1/2"]
[WhiteElo "2349"]
[BlackElo "2564"]
[TimeControl "180+1"]
[EndTime "11:05:13 PST"]
[Termination "Game drawn by repetition"]

1. e4 c5 2. Nf3 e6 3. d4 cxd4 4. Nxd4 a6 5. Bd3 Nc6 6. Nxc6 dxc6 7. Nd2 e5 8. O-O Nf6 9. Nc4 Bg4 10. Qe1 Qc7 11. Be3 b5 12. Nd2 c5 13. c4 b4 14. a3 Nd7 15. Nb3 Rb8 16. axb4 Rxb4 17. Qc3 Qb7 18. Na5 Qb6 19. f4 Bd6 20. h3 Bh5 21. g4 exf4 22. Bxf4 Bxf4 23. Rxf4 Qh6 24.
Raf1 Bg6 25. Nc6 Qxh3 26. Nxb4 Qg3+ 27. Kh1 Qh3+ 28. Kg1 Qg3+ 29. Kh1 Qh3+ 30. Kg1 1/2-1/2

[Event "*** Titled Tuesday Blitz"]
[Site "Chess.com"]
[Date "2020.12.29"]
[Round "6"]
[White "zverr1"]
[Black "chess4life23"]
[Result "0-1"]
[WhiteElo "2430"]
[BlackElo "2261"]
[TimeControl "180+1"]
[EndTime "11:05:13 PST"]
[Termination "chess4life23 won by resignation"]

1. e4 c6 2. d4 d5 3. e5 Bf5 4. Nf3 e6 5. Be2 h6 6. Nbd2 Ne7 7. c4 dxc4 8. Nxc4 Nd5 9. a3 Nd7 10. h3 Be7 11. g4 Be4 12. Bd3 Bxd3 13. Qxd3 Qc7 14.
b4 N7b6 15. Na5 Nd7 16. Bd2 O-O 17. Rc1 f6 18. b5 c5 19. Qg6 Rae8 20. Nc4 cxd4 21.
Bxh6 Rf7 22. Nd6 Bxd6 23. Rxc7 Bxc7 24. exf6 N5xf6 25. Ng5 Rfe7 26. Ne4 Nd5 27. Bd2 Ne5 28. Qh5 Nd3+ 29. Kf1 Rf7 30. Rh2 Bxh2 31. Kg2 Bf4 32.
Be1 Bc1 33. f3 N3f4+ 0-1

[Event "*** Titled Tuesday Blitz"]
[Site "Chess.com"]
[Date "2020.12.29"]
[Round "6"]
[White "BeanScreen"]
[Black "MaxLeto"]
[Result "1-0"]
[WhiteElo "2647"]
[BlackElo "2386"]
[TimeControl "180+1"]
[EndTime "11:05:14 PST"]
[Termination "BeanScreen won by resignation"]

1. e4 c5 2. Nf3 d6 3. d4 cxd4 4. Nxd4 Nf6 5. Nc3 a6 6. Be3 Ng4 7. Bc1 Nf6 8. f3 e6 9. Be3 b5 10. Qd2 Nbd7 11. g4 h6 12. O-O-O Bb7 13. h4 b4 14.
Nce2 d5 15. Bh3 dxe4 16. g5 hxg5 17. hxg5 exf3 18. Nf4 Ne4 19. Qe1 f2 20. Bxf2 Qxg5 21. Be3 Qe5 22. Nfxe6 fxe6 23. Bxe6 Rxh1 24. Qxh1 O-O-O 25. Qh3 Nc5 26. Bg4 Kc7 27. Bg1 Kb6 28. Nb3 Be7 29.
Bxd7 Qf4+ 30. Be3 Qc7 31. Qe6+ Ka7 32. Qxe7 Rxd7 33. Bxc5+ Ka8 1-0

[Event "*** Titled Tuesday Blitz"]
[Site "Chess.com"]
[Date "2020.12.29"]
[Round "6"]
[White "Matols"]
[Black "TheCairnTerrier"]
[Result "1-0"]
[WhiteElo "2265"]
[BlackElo "2085"]
[TimeControl "180+1"]
[EndTime "11:05:14 PST"]
[Termination "Matols won on time"]

1. d4 Nf6 2. c4 g6 3. g3 Bg7 4.
Bg2 O-O 5. Nc3 c6 6. Nf3 d5 7. b3 Ne4 8. Bb2 Nxc3 9. Bxc3 Nd7 10. O-O Nf6 11. Nd2 Bf5 12. f3 Qd7 13. e4 dxe4 14.
fxe4 Bh3 15. e5 Nh5 16. Ne4 f6 17. Nc5 Qc8 18. e6 Bxe6 19. Qe1 Bh3 20. Qxe7 Bxg2 21.
Kxg2 Re8 22. Qxb7 Re2+ 23. Rf2 Nf4+ 24. gxf4 Qg4+ 25. Kf1 Rae8 26. Qxc6 Rxf2+ 27. Kxf2 Re2+ 28. Kf1 Rxh2 29. Qe8+ Bf8 30. Qe6+ Qxe6 31. Nxe6 Bd6 32. Kg1 Rc2 33. Ba5 Kf7 34. d5 1-0

[Event "*** Titled Tuesday Blitz"]
[Site "Chess.com"]
[Date "2020.12.29"]
[Round "6"]
[White "profofchess"]
[Black "PlotnikovPavel"]
[Result "0-1"]
[WhiteElo "2398"]
[BlackElo "2447"]
[TimeControl "180+1"]
[EndTime "11:05:15 PST"]
[Termination "PlotnikovPavel won by resignation"]

1. e4 c5 2. Nf3 d6 3. d4 cxd4 4. Nxd4 Nf6 5. Nc3 g6 6. Be3 Bg7 7. f3 O-O 8. Qd2 Nc6 9. O-O-O Bd7 10. g4 Rc8 11. g5 Nh5 12. Nxc6 Rxc6 13. Bd4 Bxd4 14.
Qxd4 e5 15. Qd2 a6 16. Nd5 Be6 17. Kb1 Bxd5 18. exd5 Rc5 19. c4 Qe7 20. h4 Rfc8 21. Rh2 a5 22. Bd3 a4 23. Qb4 Qd7 24. Rc2 Kg7 25.
a3 Kg8 26. Ka2 R8c7 27. Kb1 Rc8 28. Ka2 Qc7 29. Qxa4 b5 30. Qb4 bxc4 31. Be4 Rb8 32. Qd2 Nf4 33. Rdc1 Rc8 34. Qb4 Nd3 35. Bxd3 cxd3 36.
Rxc5 dxc5 37. Qc3 c4 38. b3 cxb3+ 39. Kxb3 Qb7+ 40. Qb4 0-1

[Event "*** Titled Tuesday Blitz"]
[Site "Chess.com"]
[Date "2020.12.29"]
[Round "6"]
[White "DryCounty"]
[Black "renehp"]
[Result "1-0"]
[WhiteElo "2628"]
[BlackElo "2453"]
[TimeControl "180+1"]
[EndTime "11:05:17 PST"]
[Termination "DryCounty won by resignation"]

1. e4 d5 2. exd5 Nf6 3. d4 Bg4 4.
Be2 Bxe2 5. Qxe2 Qxd5 6. Nf3 Nc6 7. Nc3 Qh5 8. Bf4 O-O-O 9. O-O-O e6 10. Qc4 Nd5 11.
Nxd5 Qxd5 12. Qxd5 Rxd5 13. c4 Rf5 14. Bg3 Bd6 15.
Rhe1 Bxg3 16. hxg3 Rd8 17. a3 a6 18. b4 b5 19. c5 Rfd5 20. Re4 Kb7 21. Kc2 a5 22. bxa5 Ka6 23. Kc3 e5 24. Rh1 exd4+ 25. Kd2 h6 26. Rg4 Rxc5 27. Rxg7 d3 28. Rxh6 Kxa5 29. Rxf7 Rc2+ 30.
Ke3 Ne5 31. Nxe5 d2 32. Rh1 Rc1 33. Rd1 Rxd1 34. Nc6+ 1-0

[Event "*** Titled Tuesday Blitz"]
[Site "Chess.com"]
[Date "2020.12.29"]
[Round "6"]
[White "OrtizAnahi2001"]
[Black "Chessdreamer2020"]
[Result "0-1"]
[WhiteElo "2312"]
[BlackElo "2492"]
[TimeControl "180+1"]
[EndTime "11:05:17 PST"]
[Termination "Chessdreamer2020 won by resignation"]

1. d4 d6 2. c4 e5 3. dxe5 dxe5 4. Qxd8+ Kxd8 5. Nc3 c6 6. Nf3 f6 7. Be3 Be6 8.
O-O-O+ Nd7 9. Nd2 Kc7 10. f3 Nh6 11. Bf2 Nf5 12. e4 Nd6 13. Be2 b6 14. Kb1 Be7 15. Rc1 Nb7 16. Nd5+ Kd8 17. Nxe7 Kxe7 18. Rhd1 Rhd8 19. Nf1 Ndc5 20. Ne3 g6 21. g4 Bf7 22. h4 Ne6 23. Ng2 Nd4 24. Bxd4 exd4 25. Nf4 Rd7 26. g5 Rad8 27. Nd3 Nc5 28. Rg1 Nxd3 29.
Bxd3 Rf8 30. f4 fxg5 31. hxg5 Bg8 32. Rcf1 Kd6 33. Kc2 Rc7 34. Kd2 b5 35. b3 bxc4 36.
Bxc4 Bxc4 37. bxc4 Rb7 38. Kc2 Kc5 39. f5 Kxc4 40. fxg6 Rxf1 41. Rxf1 d3+ 42. Kd2 hxg6 43. Rf6 c5 44. Rxg6 Rb2+ 45. Kd1 Kc3 46. Ke1 Rb1+ 47.
Kf2 d2 48. Rd6 d1=Q 49. Rxd1 Rxd1 50. g6 Rd6 0-1

[Event "*** Titled Tuesday Blitz"]
[Site "Chess.com"]
[Date "2020.12.29"]
[Round "6"]
[White "Slovak_fighter2000"]
[Black "A-S-00"]
[Result "1-0"]
[WhiteElo "2484"]
[BlackElo "2278"]
[TimeControl "180+1"]
[EndTime "11:05:17 PST"]
[Termination "Slovak_fighter2000 won by resignation"]

1. d4 Nf6 2. Nf3 g6 3. c4 Bg7 4. Nc3 d6 5. e4 O-O 6. Be2 Nbd7 7. Be3 e5 8. d5 a5 9. Nd2 Ne8 10. O-O f5 11. f3 f4 12. Bf2 g5 13. a3 h5 14. b4 Rf7 15. c5 Bh6 16. Nc4 Qe7 17.
cxd6 cxd6 18. bxa5 Nef6 19. Nb6 Nxb6 20. axb6 g4 21.
Nb5 Rg7 22. Bh4 g3 23. h3 Bd7 24. Nc7 Rf8 25. Ne6 Bxe6 26. dxe6 Qxe6 27. Bxf6 Qxf6 28. a4 Rd7 29. Bc4+ Kh8 30. a5 Rb8 31. Bd5 Bf8 32. a6 bxa6 33. Rxa6 Qd8 34. Qb3 Qc8 35. Rfa1 Qc5+ 36.
Kh1 Rdd8 37. b7 Rd7 38. Rc6 Qf2 39. Rc8 Rd8 40. Rxd8 Rxd8 41. b8=Q Rxb8 42. Qxb8 1-0

[Event "*** Titled Tuesday Blitz"]
[Site "Chess.com"]
[Date "2020.12.29"]
[Round "6"]
[White "JonahWillow"]
[Black "amintabatabaei"]
[Result "0-1"]
[WhiteElo "2707"]
[BlackElo "2910"]
[TimeControl "180+1"]
[EndTime "11:05:18 PST"]
[Termination "amintabatabaei won on time"]

1. e4 e5 2. Nf3 Nc6 3. Nc3 Nf6 4.
Bb5 Bd6 5. d3 O-O 6. a3 Re8 7. g4 Nxg4 8. Ng5 Nf6 9. Bc4 Rf8 10.
Rg1 Be7 11. Be3 d6 12. Qf3 Nd4 13. Bxd4 exd4 14. Ne2 d5 15. exd5 b5 16. d6 bxc4 17. Qxa8 Bxd6 18. O-O-O h6 19. Ne4 Re8 20. Qc6 Nxe4 21.
dxe4 Bd7 22. Qxc4 c5 23. f3 Qb6 24. Qb3 Qa6 25. Ng3 c4 0-1

[Event "*** Titled Tuesday Blitz"]
[Site "Chess.com"]
[Date "2020.12.29"]
[Round "6"]
[White "UCantHandleDenker"]
[Black "ChrisTool2"]
[Result "1-0"]
[WhiteElo "2560"]
[BlackElo "2369"]
[TimeControl "180+1"]
[EndTime "11:05:18 PST"]
[Termination "UCantHandleDenker won on time"]

1. Nf3 Nf6 2. g3 d5 3. Bg2 c5 4. O-O Nc6 5. d3 Bg4 6. Nbd2 d4 7. h3 Bh5 8. c3 e5 9. cxd4 exd4 10. g4 Bg6 11.
Nh4 Bd6 12. Ndf3 O-O 13. Nxg6 hxg6 14. e4 dxe3 15. fxe3 Re8 16. Bd2 Ne5 17. Nxe5 Bxe5 18. Qc2 Nxg4 19. hxg4 Qh4 20. Rf3 Rad8 21. Qc4 Re6 22.
Rh3 Qg5 23. Rf1 Rd7 24. Rhf3 Qh4 25. Rh3 Qg5 26. Bc1 Red6 27. Rd1 b5 28. Qe4 c4 29.
d4 f6 30. Rf1 1-0

[Event "*** Titled Tuesday Blitz"]
[Site "Chess.com"]
[Date "2020.12.29"]
[Round "6"]
[White "ChessteacherPalmS"]
[Black "lelajavakhishvili"]
[Result "0-1"]
[WhiteElo "2350"]
[BlackElo "2509"]
[TimeControl "180+1"]
[EndTime "11:05:19 PST"]
[Termination "lelajavakhishvili won on time"]

1. d4 Nf6 2. c4 e6 3. Nf3 d5 4. Nc3 Bb4 5. Bg5 h6 6. Bh4 dxc4 7. Qa4+ Nc6 8. Bxf6 Qxf6 9. a3 Bxc3+ 10. bxc3 O-O 11. e3 e5 12. Bxc4 exd4 13. cxd4 Bh3 14. O-O Qg6 15.
Ne1 a6 16. Bd5 Bd7 17. Qc2 Qd6 18. Bf3 Rab8 19. Qc3 Ne7 20. Nc2 Rfc8 21. Rfd1 Ba4 22. Rd2 c5 23. dxc5 Qxc5 24. Rd8+ Kh7 25. Qxc5 Rxc5 26.
Rxb8 Bxc2 27. Rxb7 Ng6 28. Rc1 Ne5 29. Rxc2 Nxf3+ 30. gxf3 Rxc2 31. Rxf7 Rc3 0-1

[Event "*** Titled Tuesday Blitz"]
[Site "Chess.com"]
[Date "2020.12.29"]
[Round "6"]
[White "ural58"]
[Black "Isajevsky_Anton"]
[Result "0-1"]
[WhiteElo "2404"]
[BlackElo "2579"]
[TimeControl "180+1"]
[EndTime "11:05:20 PST"]
[Termination "Isajevsky_Anton won by resignation"]

1. e4 c5 2. b3 Nc6 3. Bb2 Nf6 4. e5 Nd5 5. Nf3 d6 6. Bb5 Bd7 7. exd6 e6 8. O-O Bxd6 9. d4 O-O 10. c4 Nf6 11. d5 exd5 12. cxd5 Nb4 13. Bxd7 Qxd7 14. Bxf6 gxf6 15. Nc3 Qf5 16. Qb1 Qh5 17. a3 Nxd5 18. Nxd5 Qxd5 19. Rd1 Qe6 20. Qd3 Rfd8 21. Qb5 b6 22. Re1 Qf5 23. Qa4 Bf8 24. Re4 Rd3 25. Rg4+ Kh8 26. Rf4 Qg6 27. Re1 Rad8 28. Qxa7 Bh6 29.
Rh4 Rxf3 30. Rxh6 Qxh6 31. gxf3 Qg6+ 32. Kh1 Rg8 0-1

[Event "*** Titled Tuesday Blitz"]
[Site "Chess.com"]
[Date "2020.12.29"]
[Round "6"]
[White "Tssunami"]
[Black "kinga2008"]
[Result "1-0"]
[WhiteElo "2310"]
[BlackElo "2164"]
[TimeControl "180+1"]
[EndTime "11:05:20 PST"]
[Termination "Tssunami won on time"]

1. d4 g6 2. Nf3 Bg7 3. g3 d6 4. Bg2 Nf6 5. O-O O-O 6. Nc3 Bg4 7. h3 Bxf3 8. Bxf3 c6 9. Bg2 e5 10. Bg5 exd4 11. Qxd4 d5 12. Qh4 Nbd7 13. e4 dxe4 14. Nxe4 Qe7 15. Rae1 Qd8 16. Rd1 h6 17. Bxf6 Bxf6 18.
Nxf6+ Qxf6 19. Rxd7 Qxb2 20. Qxh6 Rad8 21. Rfd1 Rxd7 22.
Rxd7 Qxc2 23. h4 Qb1+ 24. Kh2 Qf5 25. Rd2 c5 26. Bh3 Qf6 27. h5 c4 28. hxg6 fxg6 29.
Rd7 Qxf2+ 30. Bg2 Rf7 31. Rd8+ Rf8 32. Qxg6+ Kh8 33. Qh6+ Kg8 34. Rd5 Rf6 35. Rg5+ Kf7 36. Rg7+ Ke6 37. Qh3+ Ke5 38. Qh5+ Rf5 39. Re7+ Kd4 40.
Qh8+ Kd3 41. Rd7+ Kc2 42. Qh7 Kc1 43. Qh6+ 1-0

[Event "*** Titled Tuesday Blitz"]
[Site "Chess.com"]
[Date "2020.12.29"]
[Round "6"]
[White "bazar-wokzal"]
[Black "NovikovaGalina"]
[Result "1-0"]
[WhiteElo "2559"]
[BlackElo "2257"]
[TimeControl "180+1"]
[EndTime "11:05:21 PST"]
[Termination "bazar-wokzal won on time"]

1. e4 e6 2. d4 d5 3. exd5 exd5 4. Nf3 Nf6 5. c4 Be7 6. Bd3 Bg4 7. O-O O-O 8. Nc3 c6 9. h3 Bh5 10. Re1 Nbd7 11. Bf1 dxc4 12. Bxc4 Nb6 13. Bb3 Nbd5 14. g4 Bg6 15. Ne5 Nxc3 16. bxc3 Kh8 17. f4 h6 18. f5 Bh7 19. Nxf7+ Rxf7 20. Bxf7 c5 21. Bf4 cxd4 22. cxd4 Qf8 23. Bb3 Rd8 24. Rc1 Bg8 25. Rc7 Bd6 26. Bxd6 Qxd6 27. Rc3 Bxb3 28. Rxb3 b6 29. Rd3 Nd5 30. Qf3 Qb4 31. Re5 Qc4 32. h4 Qxa2 33. g5 Nb4 34. Rde3 Qb1+ 35. Re1 Qb3 36. Qxb3 1-0

[Event "*** Titled Tuesday Blitz"]
[Site "Chess.com"]
[Date "2020.12.29"]
[Round "6"]
[White "swimmerchess"]
[Black "pastouche06"]
[Result "1-0"]
[WhiteElo "2798"]
[BlackElo "2525"]
[TimeControl "180+1"]
[EndTime "11:05:22 PST"]
[Termination "swimmerchess won on time"]

1. e4 c6 2. d4 d5 3. e5 Bf5 4. c4 e6 5. Nc3 Ne7 6. Nge2 Nd7 7. Nf4 dxc4 8. Bxc4 Nb6 9. Bb3 Ned5 10. O-O Nxf4 11. Bxf4 Be7 12. Be3 Nd5 13. Nxd5 cxd5 14.
Ba4+ Kf8 15. g4 Bg6 16. f4 Be4 17. f5 exf5 18. gxf5 f6 19. Qh5 Bb4 20. a3 Ba5 21. Rac1 Qe7 22. e6 g5 23. fxg6 Bxg6 24. Bh6+ Kg8 25.
Qxd5 Rd8 26. Bd7 Bb6 27. Rxf6 Qxf6 28. e7+ Bf7 29. Qg2+ Bg6 30. exd8=Q+ Bxd8 31. Rf1 Qxd4+ 32. Kh1 1-0

[Event "*** Titled Tuesday Blitz"]
[Site "Chess.com"]
[Date "2020.12.29"]
[Round "6"]
[White "NeverW84M8"]
[Black "ChessLover0108"]
[Result "0-1"]
[WhiteElo "2502"]
[BlackElo "2747"]
[TimeControl "180+1"]
[EndTime "11:05:24 PST"]
[Termination "ChessLover0108 won by resignation"]

1. d4 d6 2. e4 g6 3. g3 Bg7 4.
Bg2 c5 5. c3 cxd4 6. cxd4 Nc6 7. Ne2 Bg4 8. f3 Bd7 9. Nbc3 Nf6 10. O-O O-O 11. Kh1 Rc8 12. f4 Bg4 13. h3 Bxe2 14.
Nxe2 d5 15. e5 Ne4 16. Be3 f5 17. Qb3 Na5 18. Qd3 Nc4 19. Bc1 Qa5 20. Nc3 Nxc3 21. Qxc3 e6 22. Qxa5 Nxa5 23. Bd2 Nc6 24. Bc3 Rc7 25.
Rfd1 Rfc8 26. Bf1 Bf8 27. a3 a6 28. Kg2 Kf7 29. Kf3 Na7 30. Ke3 Nb5 31. Be1 Rc2 32. Rab1 Be7 33. a4 Na7 34. Bc3 Nc6 35. Bd3 Rh2 36. Rh1 Rxh1 37. Rxh1 Bb4 38. Rc1 Bxc3 39. Rxc3 Ke7 40. Rc5 Kd7 41. a5 Ne7 42. Rxc8 Kxc8 43. Bc2 Nc6 44. Ba4 Nxa5 45. Be8 Kd8 46. Bf7 Ke7 47.
Bg8 h6 48. Kd3 Nc6 49. Kc3 b5 50. b4 a5 51. bxa5 Nxa5 52. Kb4 Nc6+ 53. Kc5 b4 54.
Bh7 b3 0-1

[Event "*** Titled Tuesday Blitz"]
[Site "Chess.com"]
[Date "2020.12.29"]
[Round "6"]
[White "Caisachess"]
[Black "geordie_derraugh"]
[Result "0-1"]
[WhiteElo "2356"]
[BlackElo "2523"]
[TimeControl "180+1"]
[EndTime "11:05:24 PST"]
[Termination "geordie_derraugh won by resignation"]

1. e4 c5 2. c3 Nf6 3. e5 Nd5 4. d4 cxd4 5. Nf3 Nc6 6. cxd4 e6 7. Bc4 d6 8. O-O Be7 9. a3 O-O 10. Qe2 a6 11. Bd3 Bd7 12. Re1 f5 13. exf6 Nxf6 14.
Nc3 Qe8 15. Bd2 Qh5 16. Rad1 Rae8 17. h3 Kh8 18. Ne4 Nd5 19. Ng3 Qf7 20. Qe4 Nf6 21. Qh4 g6 22. Ng5 Qg8 23. N3e4 Nxd4 24. Bc3 e5 25.
Bb1 Nf5 26. Nxf6 Nxh4 27. Nxg8 Bxg5 28. Rxd6 Bc6 29. Rxe5 Rxe5 30. Bxe5+ Kxg8 31. Ba2+ Rf7 32. f4 Be7 33. Re6 Kf8 34. Rxc6 bxc6 35. Bxf7 Kxf7 36.
g4 Nf3+ 37. Kf2 Nxe5 38. fxe5 Ke6 39. Ke3 Kxe5 0-1

[Event "*** Titled Tuesday Blitz"]
[Site "Chess.com"]
[Date "2020.12.29"]
[Round "6"]
[White "rududuyk"]
[Black "MoreChessJulia"]
[Result "0-1"]
[WhiteElo "2264"]
[BlackElo "2110"]
[TimeControl "180+1"]
[EndTime "11:05:24 PST"]
[Termination "MoreChessJulia won by resignation"]

1. e4 c5 2. Nc3 Nc6 3. f4 e6 4. Nf3 a6 5. a4 d5 6. e5 b6 7. g3 f5 8. exf6 Nxf6 9. Bg2 Bd6 10. O-O O-O 11. Re1 Qc7 12. d3 g6 13.
Ng5 Nd4 14. Be3 h6 15. Nh3 Bb7 16. Bxd4 cxd4 17. Ne2 Rae8 18. Nxd4 Bc5 19. c3 e5 20. fxe5 Rxe5 21. Kh1 Rfe8 22. Rxe5 Rxe5 23. Nf3 Re3 24. d4 Bd6 25. Qd2 Ng4 26. Nf2 Nxf2+ 27. Qxf2 Re7 28. Rf1 Rf7 29. Qe3 Kh7 30.
Re1 Bc6 31. Nh4 Bxa4 32. Qd3 Rg7 33. Re6 Qf7 34. Bxd5 Bc6 35. Rxg6 Bxd5+ 36. Kg1 Rxg6 37. Nxg6 Qxg6 0-1

[Event "*** Titled Tuesday Blitz"]
[Site "Chess.com"]
[Date "2020.12.29"]
[Round "6"]
[White "tigra"]
[Black "jefferyx"]
[Result "1-0"]
[WhiteElo "2848"]
[BlackElo "2919"]
[TimeControl "180+1"]
[EndTime "11:05:26 PST"]
[Termination "tigra won by resignation"]

1. e4 e5 2. Nf3 Nc6 3. Bc4 Nf6 4. d3 Be7 5. Nc3 O-O 6. Ne2 Na5 7. Ng3 d5 8. exd5 e4 9. Nd4 exd3 10. Bxd3 Qxd5 11.
O-O Bg4 12. Ndf5 Bb4 13. f3 Bxf5 14. Nxf5 Rfe8 15. a3 Bf8 16. Bg5 Qc6 17. Kh1 h6 18. Bh4 g6 19. b4 gxf5 20. bxa5 Nd5 21. Re1 Bg7 22. Rc1 Bb2 23. Bxf5 Ne3 24. Bd7 Qg6 25.
Qe2 Bxc1 26. Bxe8 Rxe8 27. Rxc1 Re6 28. Qf2 Nxc2 29. Qxc2 1-0

[Event "*** Titled Tuesday Blitz"]
[Site "Chess.com"]
[Date "2020.12.29"]
[Round "6"]
[White "rubhani"]
[Black "Dinamo81"]
[Result "0-1"]
[WhiteElo "2483"]
[BlackElo "2661"]
[TimeControl "180+1"]
[EndTime "11:05:27 PST"]
[Termination "Dinamo81 won by resignation"]

1. e3 d5 2. f3 e5 3. Kf2 Nf6 4.
d4 Bd6 5. Nc3 c6 6. Bd3 O-O 7.
dxe5 Bxe5 8. Nge2 Nbd7 9. e4 Nc5 10. exd5 Nxd5 11. Ne4 Nxd3+ 12. Qxd3 Qb6+ 13. Kf1 Bf5 14. Qb3 Bxe4 15. fxe4 Nf6 16. Qxb6 axb6 17. c3 Nxe4 18. Bf4 Rfe8 19. Bxe5 Rxe5 20. Nd4 c5 21. Nf3 Rd5 22. Ke2 Re8 23. Rhe1 Nxc3+ 24. Kf1 Ne4 25. Rac1 f5 26. Rc2 Kf7 27. g3 Kf6 28. Kg2 Red8 29. b3 Rd3 30. Rf1 g6 31. Re2 Nc3 32. Ree1 Rd1 33. Ne5 Rxe1 34. Rxe1 Rd2+ 35. Kf3 Ne4 36. Nd7+ Rxd7 0-1